 Dungeon Crawl Stone Soup version 0.28-a0-653-g7e9dba17c3 (webtiles) character file.

Game seed: 15083965843726743510

4 blank1 the Chopper (level 1, 0/20 HPs)
             Began as a Hill Orc Cinder Acolyte on Oct 11, 2021.
             Was a High Priest of Ignis.
             Slain by a rat (2 damage)
             ... on level 1 of the Dungeon.
             The game lasted 00:01:47 (39 turns).

blank1 the Chopper (Hill Orc Cinder Acolyte)          Turns: 39, Time: 00:01:48

Health: 0/20       AC:  2    Str: 16    XL:     1   Next: 60%
Magic:  2/2        EV: 11    Int: 14    God:    Ignis [*****.]
Gold:   0          SH:  0    Dex:  6    Spells: 2/2 levels left

rFire   + . .      SeeInvis .   a - -1 hand axe (flame)
rCold   . . .      Faith    .   (no shield)
rNeg    . . .      Spirit   .   b - +0 robe
rPois   .          Reflect  .   (no helmet)
rElec   .          Harm     .   (no cloak)
rCorr   .          Rampage  .   (no gloves)
Will    .....                   (no boots)
Stlth   +.........              (no amulet)
HPRegen 0.06/turn               (no ring)
MPRegen 0.08/turn               (no ring)

@: no status effects
A: no striking features
a: Renounce Religion, Sea of Fire, Foxfire Swarm, Rising Flame


You were on level 1 of the Dungeon.
You worshipped Ignis.
Ignis was extremely pleased with you.
You visited 1 branch of the dungeon, and saw 1 of its levels.

Inventory:

Hand Weapons
 a - a -1 hand axe of flaming (weapon)
Armour
 b - a +0 robe (worn)


   Skills:
 + Level 3.8 Fighting
 + Level 4.2 Axes
 + Level 1.0 Spellcasting
 + Level 3.2 Fire Magic


You had 2 spell levels left.
You didn't know any spells.
Your spell library contained the following spells:

 Spells                   Type           Power      Damage    Failure   Level
 Scorch                   Fire           18%        2d5       11%         2


Dungeon Overview and Level Annotations

Branches:
Dungeon (1/15)

Altars:


Message History

You hit the bat. You burn the bat.
The bat is severely wounded.
The bat hits you. The bat hits you but does no damage.
You hit the bat. You burn the bat.
You kill the bat!
The kobold throws a stone.
The stone hits you. The kobold hits you with a +0 club.
You see here a bat corpse.
You barely miss the kobold. The kobold barely misses you.
You miss the kobold. The kobold hits you with a +0 club.
You hit the kobold. You burn the kobold.
You kill the kobold!
You hit the kobold but do no damage. The kobold barely misses you. x2
You barely miss the kobold.
The kobold hits you with a +0 short sword of freezing.
The kobold freezes you.
You miss the kobold. The kobold misses you.
You barely miss the kobold.
The kobold hits you with a +0 short sword of freezing.
* * * LOW HITPOINT WARNING * * *
The kobold freezes you.
* * * LOW HITPOINT WARNING * * *
You barely miss the kobold.
A rat comes into view.
The kobold closely misses you.
You hit the kobold but do no damage. The kobold misses you.
You hit the kobold. You burn the kobold.
You kill the kobold!
The goblin closely misses you.
You hit the goblin. You burn the goblin.
The goblin is heavily wounded.
A goblin comes into view. It is wielding a +0 club.
The goblin hits you with a +0 club.
* * * LOW HITPOINT WARNING * * *
The goblin shouts!
You hit the goblin. You burn the goblin.
You kill the goblin!
Fires begin to smoulder around you!
You hit the rat but do no damage. The rat bites you.
You die...

#.....♣PP..P...♣
.....♣..PP...P♣
....♣..P...PP♣
...♣PP.<.P..♣
..♣P...PP..♣
#.♣...P..PP♣
#.♣..PP..PP♣ #
#§§♣♣♣♣♣♣♣♣♣§#
#[ #
#§§§)r@§§§§§§#
#..#.
#§#g##########
#....##...#
#.".g...###
#.....g.#
#..#>...# #.
#......
#........
#.......K..


You could see a goblin and a rat.

Vanquished Creatures
  A goblin (D:1)
  2 kobolds (D:1)
  A bat (D:1)
4 creatures vanquished.

Notes
Turn   | Place    | Note
-------+----------+-------------------------------------------
     0 | D:1      | blank1 the Hill Orc Cinder Acolyte began the quest for the
                  | Orb.
     0 | D:1      | Reached XP level 1. HP: 19/19 MP: 2/2
    39 | D:1      | Slain by a rat

Illustrated notes

Levels and vault maps discovered:
D:1:      scummos_arrival_checkerplants, layout_basic, minmay_hexomino_r4

Action                   || total
-------------------------++-------
Melee: Hand axe          ||    18
Invok: Sea of Fire       ||     1
Armor: Robe              ||     8
Dodge: Dodged            ||    15

Table legend: (Time is in decaauts)
 A = Elapsed time spent in this place.
 B = Non-inter-level travel time spent in this place.
 C = Inter-level travel time spent in this place.
 D = Time resting spent in this place.
 E = Time spent auto-exploring this place.
 F = Levels seen in this place.
 G = Mean time per level.
                   A        B        C        D        E       F      G
               +--------+--------+--------+--------+--------+-----+--------+
         Total |     40 |     40 |      0 |      0 |      5 |   1 |   40.0 |
       Dungeon |     40 |     40 |      0 |      0 |      5 |   1 |   40.0 |
               +--------+--------+--------+--------+--------+-----+--------+

Top non-repeatable levels by time:
     D:1: 40 daAuts
